 Dungeon Sprint DCSS version 0.30.0-29-ga12c61a403 (webtiles) character file.

Game seed: 3985139007324784820

11100000 Groucho the Axe Maniac (level 27, -32/228 HPs)
             Began as a Djinni Warper on June 24, 2023.
             Was the Champion of Makhleb.
             Annihilated by a bag of meat
             ... wielding a +9 war axe
              (38 damage)
             ... in the Dungeon (Sprint VIII: "Arena of Blood").
             The game lasted 00:05:11 (111 turns).

Groucho the Axe Maniac (Djinni Warper)               Turns: 111, Time: 00:05:11

Health: -32/228    AC:  6    Str: 10    XL:     27
Gold:   0          EV: 29    Int: 24    God:    Makhleb [******] SH:  0 Dex: 18

rFire   + + .        i - +∞ Axe of Woe
rCold   x . .        (shield currently unavailable)
rNeg    . . .        b - +0 leather armour
rPois   ∞            (no helmet)
rElec   .            (no cloak)
rCorr   .            (no gloves)
SInv    +            (boots unavailable)
Will    ++...        (no amulet)
Stlth   +++++++++    l - ring of see invisible
HPRegen 0.58/turn    (no ring)
MPRegen 0.00/turn

%: no teleportation, infuse magic (-33 HP)
@: marked, flying, slowed, very slow
A: sickness immunity, fire resistance 2, cold vulnerability 1, float, innate
caster, HP casting, extra vitality 1
a: Renounce Religion, Minor Destruction, Lesser Servant of Makhleb, Major
Destruction, Greater Servant of Makhleb


You were in the Dungeon.
You worshipped Makhleb.
Makhleb was exalted by your worship.
You visited 1 branch

Inventory:

Hand Weapons
 i - the +∞ Axe of Woe (weapon)
   (You found it in the Dungeon)
Missiles
 d - 7 boomerangs of dispersal
Armour
 b - a +0 leather armour (worn)
Jewellery
 a - a +30 ring of slaying
 j - a +200 ring of slaying
 k - a +200 ring of slaying
 l - a ring of see invisible (left hand)
Scrolls
 c - a scroll of blinking
Potions
 e - a potion of curing
 f - a potion of heal wounds
 g - a potion of haste
 h - a potion of berserk rage


   Skills:
 O Level 27 Fighting
 O Level 27 Short Blades
 O Level 27 Long Blades
 O Level 27 Axes
 O Level 27 Maces & Flails
 O Level 27 Polearms
 O Level 27 Staves
 O Level 27 Ranged Weapons
 O Level 27 Throwing
 O Level 27 Armour
 O Level 27 Dodging
 O Level 27 Stealth
 O Level 27 Shields
 O Level 27 Unarmed Combat
 O Level 27 Spellcasting
 O Level 27 Invocations
 O Level 27 Evocations


You knew the following spells:

 Your Spells              Type           Power      Damage    Failure   Level
a - Blink                 Tloc           100%       N/A       0%          2
b - Lesser Beckoning      Tloc           100%       N/A       0%          2
c - Vhi's Electric Charg  Tloc/Air       100%       N/A       0%          3
d - Teleport Other        Tloc           100%       N/A       0%          3
e - Manifold Assault      Tloc           100%       N/A       0%          4
f - Magic Dart            Conj           100%       1d8       0%          1
g - Scorch                Fire           100%       2d9       0%          2
h - Frozen Ramparts       Ice            100%       1d16      0%          3
i - Gell's Gravitas       Tloc           100%       N/A       0%          3
j - Summon Forest         Summ/Tloc      52%        N/A       0%          5
k - Irradiate             Conj/Tmut      52%        3d29      0%          5
l - Conjure Ball Lightni  Conj/Air       52%        3x3d18    0%          6
m - Enfeeble              Hex            52%        N/A       0%          7
n - Eringya's Noxious Bo  Tmut/Pois      52%        N/A       0%          6
o - Spellforged Servitor  Conj/Summ      52%        N/A       0%          7
p - Discord               Hex            52%        N/A       1%          8
q - Shatter               Erth           52%        3d39*     1%          9
r - Fire Storm            Conj/Fire      52%        8d13      1%          9
Your spell library was empty.

Dungeon Overview and Level Annotations

Branches:
Dungeon (1/1)

Altars:
Makhleb


Innate Abilities, Weirdness & Mutations

You are immune to sickness and miasma.
You are immune to poison.
Your flesh is very heat resistant. (rF++)
You are vulnerable to cold. (rC-)
You float through the air rather than walking.
You learn spells naturally, not from books.
Your magical power is your life essence.
You have superior vitality. (+4 MHP)


Message History

Flame seeps out of the large bag of meat.
The bag of meat convulses! x2; The meat berserker convulses!
The large bag of meat is engulfed in blazing flames.
The large bag of meat explodes!
The meat berserker is engulfed in blazing flames.
You hear a shout!
The meat berserker is engulfed in blazing flames.
The meat berserker barely misses you.
The destroyer points at you and mumbles some strange words.
The destroyer blinks!
A sculptor of flesh comes into view. It is wielding a +9 great sword.
The sculptor of flesh is engulfed in blazing flames.
The wretched soul is engulfed in blazing flames.
The eight-headed meat hydra calls on the powers of darkness!
The eight-headed meat hydra convulses! x2; The observer convulses!
The bag of meat convulses!
The meat berserker convulses! x2
The bag of meat convulses! x5; The observer convulses!
The bag of meat convulses! x2; The eight-headed meat hydra convulses!
Your body is wracked with pain!
* * * LOW HITPOINT WARNING * * *
The meat berserker convulses! x3; The large bag of meat convulses!
Flame seeps out of the large bag of meat.
The bag of meat convulses! x3; The meat berserker convulses! x2
The dread calls on the powers of darkness!
The meat berserker convulses!
The bag of meat convulses! x2
The observer convulses!
The meat berserker convulses!
Your body is wracked with pain!
* * * LOW HITPOINT WARNING * * *
The bag of meat convulses! x3; The large bag of meat convulses!
Flame seeps out of the large bag of meat.
The bag of meat convulses! x2; The eight-headed meat hydra convulses! x2
The observer convulses!
The bag of meat convulses! x2
The eight-headed meat hydra convulses! x2
The accursed is engulfed in blazing flames.
A wretched soul comes into view.
The bag of meat is engulfed in blazing flames.
A bag of meat comes into view. It is wielding a +9 war axe.
The meat berserker is engulfed in blazing flames.
The bag of meat hits you with a +9 war axe!!!
You die... #))) ..# ) #)W. ..# .)V###)z. .§###O ..)Vo§oo###W§○).) #....OoG.zDD°°.. .....°#W.o.O# o .....O#_2zG_#o.... ....LW#oMV))#2ooVD .#..oDoOOOO@L§zXoXV

..†..)°MO.###o2O°oo.
..)).###.))..WM###Oo
.))....#....oWO#..o.
)......#...)..o#...
.O)...))......oG...
.#).)...........o..
#..)....)....)).).#
.#)....).....)))##.


You could see 3 accurseds, a tentacled monstrosity (summoned), 3 meat beasts, 2
tyrants, 4 eight-headed meat hydras, 3 destroyers, 3 observers, 4 sculptors of
flesh, 2 large bags of meat, a large abomination (summoned), 3 dreads, 8 meat
berserkers, 3 wretched souls and 19 bags of meat.

Vanquished Creatures
  Sigmund (D)
  17 hell beasts (D)
  6 royal mummies (D)
  6 great orbs of eyes (D)
  4 wraiths (D)
  15 vampire knights (D)
  52 ogres (D)
  7 two-headed ogres (D)
  2 liches (D)
  2 hydras (D)
  5 phantoms (D)
  61 orcs (D)
  6 skeletal warriors (D)
184 creatures vanquished.

Vanquished Creatures (others)
  2 two-headed ogres (D)
  4 orcs (D)
6 creatures vanquished.

Grand Total: 190 creatures vanquished

Notes
Turn   | Place    | Note
-------+----------+-------------------------------------------
     0 | D        | Found the +∞ Axe of Woe
     0 | D        | Groucho the Djinni Warper began the quest for the Orb.
     0 | D        | Groucho set off with the following spells memorised: Blink,
                  | Lesser Beckoning, Vhi's Electric Charge, Teleport Other,
                  | Manifold Assault.
     0 | D        | Reached XP level 1. HP: 18/18 MP: 0/0
     2 | D        | Noticed a bag of meat
     2 | D        | Noticed a bag of meat
     3 | D        | Noticed a bag of meat
     5 | D        | Became a worshipper of Makhleb the Destroyer
     6 | D        | Noticed a bag of meat
     6 | D        | Noticed a bag of meat
     8 | D        | Noticed a meat berserker
    11 | D        | Killed a bag of meat
    11 | D        | Killed a bag of meat
    11 | D        | Reached * piety under Makhleb
    11 | D        | Killed a bag of meat
    11 | D        | Noticed a bag of meat
    12 | D        | Reached XP level 2. HP: 4/23 MP: 0/0
    12 | D        | Reached XP level 3. HP: 5/28 MP: 0/0
    12 | D        | Learned a level 1 spell: Magic Dart
    12 | D        | Reached XP level 4. HP: 7/33 MP: 0/0
    12 | D        | Reached XP level 5. HP: 8/38 MP: 0/0
    12 | D        | Learned a level 2 spell: Scorch
    12 | D        | Reached XP level 6. HP: 9/43 MP: 0/0
    12 | D        | Reached XP level 7. HP: 10/49 MP: 0/0
    12 | D        | Learned a level 3 spell: Frozen Ramparts
    12 | D        | Reached XP level 8. HP: 11/54 MP: 0/0
    12 | D        | Reached XP level 9. HP: 12/58 MP: 0/0
    12 | D        | Learned a level 3 spell: Gell's Gravitas
    12 | D        | Reached XP level 10. HP: 13/64 MP: 0/0
    12 | D        | Reached XP level 11. HP: 14/68 MP: 0/0
    12 | D        | Learned a level 5 spell: Summon Forest
    12 | D        | Reached XP level 12. HP: 15/74 MP: 0/0
    12 | D        | Reached XP level 13. HP: 16/78 MP: 0/0
    12 | D        | Learned a level 5 spell: Irradiate
    12 | D        | Killed a meat berserker
    12 | D        | Killed a bag of meat
    12 | D        | Reached ** piety under Makhleb
    12 | D        | Noticed a bag of meat
    13 | D        | Reached skill level 15 in Spellcasting
    13 | D        | Reached XP level 14. HP: 18/85 MP: 0/0
    13 | D        | Killed a bag of meat
    13 | D        | Killed a bag of meat
    14 | D        | Reached XP level 15. HP: 15/89 MP: 0/0
    14 | D        | Learned a level 6 spell: Conjure Ball Lightning
    14 | D        | Noticed a large bag of meat
    15 | D        | Reached *** piety under Makhleb
    15 | D        | Killed a large bag of meat
    15 | D        | Noticed a meat berserker
    15 | D        | Noticed a meat berserker
    16 | D        | Reached XP level 16. HP: 70/94 MP: 0/0
    16 | D        | Killed a meat berserker
    16 | D        | Reached **** piety under Makhleb
    16 | D        | Killed a meat berserker
    17 | D        | Reached skill level 27 in Axes
    17 | D        | Reached skill level 27 in Dodging
    17 | D        | Reached XP level 17. HP: 99/99 MP: 0/0
    17 | D        | Learned a level 7 spell: Enfeeble
    17 | D        | Noticed a meat berserker
    17 | D        | Noticed a meat berserker
    17 | D        | Noticed a meat berserker
    19 | D        | Killed a meat berserker
    19 | D        | Reached ***** piety under Makhleb
    19 | D        | Killed a meat berserker
    20 | D        | Reached skill level 27 in Spellcasting
    20 | D        | Reached XP level 18. HP: 116/116 MP: 0/0
    20 | D        | Killed a meat berserker
    20 | D        | Noticed a large bag of meat
    21 | D        | Reached skill level 15 in Fighting
    21 | D        | Reached skill level 15 in Armour
    21 | D        | Reached skill level 15 in Invocations
    21 | D        | Killed a large bag of meat
    21 | D        | Reached ****** piety under Makhleb
    21 | D        | Noticed a destroyer
    22 | D        | Reached XP level 19. HP: 155/155 MP: 0/0
    22 | D        | Learned a level 6 spell: Eringya's Noxious Bog
    22 | D        | Killed a destroyer
    22 | D        | Noticed a large bag of meat
    23 | D        | Reached XP level 20. HP: 169/169 MP: 0/0
    23 | D        | Killed a large bag of meat
    28 | D        | Noticed a meat berserker
    28 | D        | Noticed a meat berserker
    29 | D        | Noticed a destroyer
    30 | D        | Killed a meat berserker
    30 | D        | Killed a destroyer
    30 | D        | Killed a meat berserker
    31 | D        | Reached skill level 27 in Fighting
    31 | D        | Reached skill level 27 in Armour
    31 | D        | Reached skill level 27 in Invocations
    31 | D        | Reached XP level 21. HP: 187/187 MP: 0/0
    31 | D        | Learned a level 7 spell: Spellforged Servitor
    31 | D        | Noticed a destroyer
    31 | D        | Noticed a meat berserker
    32 | D        | Killed a destroyer
    32 | D        | Killed a meat berserker
    33 | D        | Noticed a meat berserker
    33 | D        | Noticed a meat berserker
    34 | D        | Noticed a destroyer
    34 | D        | Killed a meat berserker
    34 | D        | Killed a destroyer
    34 | D        | Killed a meat berserker
    34 | D        | Noticed a meat berserker
    35 | D        | Reached skill level 27 in Stealth
    35 | D        | Reached XP level 22. HP: 194/194 MP: 0/0
    39 | D        | Noticed a meat berserker
    40 | D        | Noticed a destroyer
    43 | D        | Killed a meat berserker
    43 | D        | Killed a meat berserker
    44 | D        | Reached skill level 10 in Shields
    44 | D        | Reached skill level 10 in Unarmed Combat
    44 | D        | Reached skill level 10 in Evocations
    44 | D        | Reached XP level 23. HP: 201/201 MP: 0/0
    44 | D        | Learned a level 8 spell: Discord
    50 | D        | Reached skill level 15 in Shields
    50 | D        | Reached skill level 15 in Unarmed Combat
    50 | D        | Reached skill level 15 in Evocations
    50 | D        | Reached XP level 24. HP: 208/208 MP: 0/0
    51 | D        | Reached skill level 15 in Staves
    56 | D        | Reached skill level 15 in Short Blades
    56 | D        | Reached skill level 15 in Long Blades
    56 | D        | Noticed a tyrant
    57 | D        | Reached skill level 15 in Maces & Flails
    57 | D        | Reached skill level 15 in Polearms
    57 | D        | Reached skill level 15 in Ranged Weapons
    57 | D        | Reached skill level 15 in Throwing
    57 | D        | Noticed an accursed
    57 | D        | Killed an accursed
    57 | D        | Killed a tyrant
    58 | D        | Reached XP level 25. HP: 214/214 MP: 0/0
    58 | D        | Learned a level 9 spell: Shatter
    61 | D        | Noticed a meat beast
    63 | D        | Noticed an accursed
    63 | D        | Noticed a dread
    64 | D        | Noticed a large bag of meat
    64 | D        | Noticed a large bag of meat
    64 | D        | Noticed a destroyer
    64 | D        | Noticed a destroyer
    65 | D        | Killed a destroyer
    66 | D        | Noticed a dread
    67 | D        | Reached XP level 26. HP: 221/221 MP: 0/0
    68 | D        | Killed a destroyer
    70 | D        | Noticed a dread
    71 | D        | Noticed a large bag of meat
    72 | D        | Reached XP level 27. HP: 45/228 MP: 0/0
    72 | D        | Learned a level 9 spell: Fire Storm
    72 | D        | Killed a meat beast
    72 | D        | Noticed a meat beast
    74 | D        | Killed a large bag of meat
    74 | D        | Noticed a destroyer
    75 | D        | Killed a meat beast
    75 | D        | Noticed a destroyer
    75 | D        | Noticed a destroyer
    76 | D        | Reached skill level 27 in Shields
    76 | D        | Reached skill level 27 in Unarmed Combat
    76 | D        | Reached skill level 27 in Evocations
    76 | D        | Killed a dread
    77 | D        | Reached skill level 27 in Short Blades
    77 | D        | Reached skill level 27 in Long Blades
    77 | D        | Reached skill level 27 in Staves
    77 | D        | Killed a large bag of meat
    77 | D        | Noticed a destroyer
    78 | D        | Killed a large bag of meat
    79 | D        | Reached skill level 27 in Maces & Flails
    79 | D        | Reached skill level 27 in Polearms
    79 | D        | Reached skill level 27 in Ranged Weapons
    79 | D        | Reached skill level 27 in Throwing
    79 | D        | Killed a destroyer
    79 | D        | Noticed a meat beast
    81 | D        | Killed a meat beast
    82 | D        | Killed a destroyer
    82 | D        | Killed a destroyer
    82 | D        | Killed an accursed
    83 | D        | Noticed a meat beast
    84 | D        | Noticed an accursed
    85 | D        | Noticed a destroyer
    87 | D        | Killed a destroyer
    89 | D        | Killed a meat beast
    90 | D        | Killed a dread
    90 | D        | Killed an accursed
    90 | D        | Killed a destroyer
    91 | D        | Killed a dread
    94 | D        | Noticed a dread
    95 | D        | Noticed an accursed
    96 | D        | Killed a dread
    97 | D        | Killed a destroyer
    97 | D        | Noticed The Captor
    98 | D        | Killed an accursed
    99 | D        | Killed The Captor
    99 | D        | Noticed a meat beast
   100 | D        | Noticed an accursed
   100 | D        | Noticed a meat beast
   100 | D        | Noticed a destroyer
   101 | D        | Noticed an accursed
   101 | D        | Noticed a meat beast
   101 | D        | Killed a meat beast
   101 | D        | Killed an accursed
   101 | D        | Noticed a meat beast
   101 | D        | Noticed a tyrant
   102 | D        | Noticed a meat beast
   102 | D        | Noticed a destroyer
   102 | D        | Noticed a destroyer
   102 | D        | Noticed a meat beast
   102 | D        | Noticed a meat beast
   102 | D        | Noticed a tyrant
   102 | D        | Noticed a large bag of meat
   102 | D        | Noticed an accursed
   103 | D        | Killed a meat beast
   103 | D        | Noticed a large bag of meat
   103 | D        | Noticed a destroyer
   104 | D        | Killed a meat beast
   104 | D        | Killed a meat beast
   104 | D        | Killed a destroyer
   104 | D        | Noticed a meat beast
   104 | D        | Noticed a meat beast
   104 | D        | Noticed a dread
   104 | D        | Noticed a destroyer
   105 | D        | Killed a destroyer
   105 | D        | Killed a meat beast
   105 | D        | Noticed a meat beast
   105 | D        | Noticed a large bag of meat
   105 | D        | Noticed a meat beast
   105 | D        | Noticed a meat beast
   106 | D        | Killed a meat beast
   106 | D        | Killed a destroyer
   106 | D        | Noticed a meat beast
   106 | D        | Noticed a destroyer
   106 | D        | Noticed a dread
   107 | D        | Killed a meat beast
   107 | D        | Killed a meat beast
   107 | D        | Noticed an accursed
   108 | D        | Noticed a dread
   108 | D        | Killed a meat beast
   108 | D        | Noticed a meat beast
   108 | D        | Noticed a meat beast
   108 | D        | Noticed a large bag of meat
   108 | D        | Noticed a dread
   109 | D        | Killed a meat beast
   109 | D        | Killed a tyrant
   109 | D        | Noticed a large bag of meat
   109 | D        | Noticed an accursed
   110 | D        | Killed a large bag of meat
   110 | D        | Killed a meat beast
   110 | D        | Killed a meat beast
   110 | D        | Noticed a destroyer
   110 | D        | Killed a large bag of meat
   111 | D        | Noticed a destroyer
   111 | D        | Killed a meat beast
   111 | D        | Killed an accursed
   111 | D        | Noticed a tyrant
   111 | D        | Killed a large bag of meat
   111 | D        | HP: 9/228 [??? (6)]
   111 | D        | Annihilated by a bag of meat

Illustrated notes

Levels and vault maps discovered:
D:        meatsprint

Skill      XL: |  1  2  3  4  5  6  7  8  9 10 11 12 13 14 15 16 17 18 19 20 21 22 23 24 25 26 27 |
---------------+----------------------------------------------------------------------------------+-----
Axes           | 19 22 23 26 27 | 27.0
Dodging        | 18 20 22 24 27 | 27.0
Spellcasting   | 13 15 16 18 21 27 | 27.0
Fighting       | 6 19 22 27 | 27.0
Armour         | 6 19 22 27 | 27.0
Invocations    | 6 19 22 27 | 27.0
Stealth        | 17 27 | 27.0
Short Blades   | 7 9 14 18 20 22 27 | 27.0
Long Blades    | 7 9 14 18 20 22 27 | 27.0
Maces & Flails | 6 9 13 16 18 20 27 | 27.0
Polearms       | 6 9 13 16 18 20 27 | 27.0
Staves         | 7 9 14 18 20 22 27 | 27.0
Ranged Weapons | 6 9 13 16 18 20 27 | 27.0
Throwing       | 6 9 13 16 18 20 27 | 27.0
Shields        | 8 10 15 19 21 24 27 | 27.0
Unarmed Combat | 8 10 15 19 21 24 27 | 27.0
Evocations     | 8 10 15 19 21 24 27 | 27.0

Action                     |  1- 3 |  4- 6 |  7- 9 | 10-12 | 13-15 | 16-18 | 19-21 | 22-24 | 25-27 || total
---------------------------+-------+-------+-------+-------+-------+-------+-------+-------+-------++-------
  Melee: Executioner's axe |     1 |       |       |       |     6 |    14 |    13 |    18 |    93 ||   145
   Cast: Manifold Assault  |       |       |       |       |     2 |     4 |     6 |     7 |    18 ||    37
    Use: Scroll            |       |       |       |       |       |       |       |       |     1 ||     1
 Armour: Leather armour    |       |       |       |       |       |       |       |       |     3 ||     3
  Dodge: Dodged            |       |       |       |       |       |       |       |       |    11 ||    11
